 Dungeon Crawl Stone Soup version 0.30-a0-859-gf88a04b62d (webtiles) character file.

Game seed: 4186996015767480091

18900 ders the Eclecticist (level 13, -21/75 HPs)
             Began as a Djinni Conjurer on Mar 6, 2023.
             Was an Initiate of Ashenzari.
             Killed by the air
             ... invoked by Gastronok
              (33 damage)
             ... on level 2 of the Lair of Beasts.
             The game lasted 00:23:56 (16092 turns).

ders the Eclecticist (Djinni Conjurer)             Turns: 16092, Time: 00:23:57

Health: -21/75     AC:  4    Str:  6    XL:     13   Next: 0%
Gold:   1416       EV: 12    Int: 28    God:    Ashenzari [......] SH:  0 Dex: 14

rFire   + + +      SeeInvis .    N - +10 mace of Tenacity {pain, Int+5}
rCold   + . .      Faith    .    (no shield)
rNeg    . . .      Spirit   .    e - +1 robe {rC+ rF+}
rPois   ∞          Reflect  .    (no helmet)
rElec   .          Rampage  .    F - scarf {rC+ rF+}
rCorr   .                        p - +0 pair of gloves
Will    +....                    (boots unavailable)
Stlth   ++                       (no amulet)
HPRegen 0.32/turn                (no ring)
MPRegen 0.00/turn                (no ring)

@: flying, slowed, very slow
A: sickness immunity, fire resistance 2, cold vulnerability 1, float, innate
caster, HP casting, extra vitality 1
a: Renounce Religion, Curse Item


You were on level 2 of the Lair of Beasts.
You worshipped Ashenzari.
Ashenzari was noncommittal.
You visited 3 branches of the dungeon, and saw 13 of its levels.
You also visited: Ossuary.

You collected 1416 gold pieces.

Inventory:

Hand Weapons
 N - the +10 mace of Tenacity (weapon) {pain, Int+5}
   (You found it on level 10 of the Dungeon)

   Int:       It affects your intelligence (+5).
Armour
 a - a +0 robe
 c - the +8 orange crystal plate armour {Archmagi, Int+3 Clar}
   (You acquired it on level 5 of the Dungeon)

   Int:       It affects your intelligence (+3).
   Clar:      It protects you against confusion.
 e - a +1 robe of resistance (worn)
 j - a +0 cloak
 p - a +0 pair of gloves (worn)
 F - a scarf of resistance (worn)
Magical Staves
 E - a staff of death
Jewellery
 b - a ring of ice
 o - a ring of positive energy
 K - a +6 ring of intelligence
Wands
 d - a wand of polymorph (5)
 m - a wand of iceblast (14)
 v - a wand of flame (17)
 z - a wand of quicksilver (12)
 L - a wand of digging (1)
Scrolls
 h - a scroll of vulnerability {unknown}
 k - 2 scrolls of noise
 q - 4 scrolls of magic mapping
 t - a scroll of poison
 y - a scroll of summoning
 B - 2 scrolls of teleportation {unknown}
 C - 2 scrolls of torment
 J - a scroll of enchant armour
 M - a scroll of enchant weapon
Potions
 f - 13 potions of curing
 g - 4 potions of flight
 i - 4 potions of berserk rage
 l - 2 potions of might
 r - 2 potions of cancellation
 s - 2 potions of resistance
 u - a potion of invisibility {unknown}
 w - 4 potions of attraction
 x - 5 potions of brilliance
 A - 3 potions of haste
 D - a potion of ambrosia {unknown}
 G - 2 potions of lignification {unknown}
 H - a potion of mutation {unknown}
 I - 3 potions of degeneration {unknown}


   Skills:
 - Level 2.1 Dodging
 - Level 1.5 Stealth
 + Level 15.9 Spellcasting


You knew the following spells:

 Your Spells              Type           Power      Damage    Failure   Level
a - Magic Dart            Conj           100%       1d8       0%          1
b - Searing Ray           Conj           100%       2d8       0%          2
c - Dazzling Flash        Conj/Hex       100%       N/A       0%          3
d - Fulminant Prism       Conj/Hex       42%        3d19      1%          4
e - Iskenderun's Mystic   Conj/Tloc      84%        2d17      1%          4
f - Beastly Appendage     Tmut           100%       N/A       0%          1
g - Poisonous Vapours     Pois/Air       100%       N/A       0%          2
h - Ignite Poison         Fire/Tmut/Pois 84%        N/A       0%          3
i - Inner Flame           Hex/Fire       84%        N/A       0%          3
j - Alistair's Intoxicat  Tmut/Pois      56%        N/A       1%          5
k - Irradiate             Conj/Tmut      42%        3d25      1%          5
Your spell library was empty.

Dungeon Overview and Level Annotations

Branches:
Dungeon (10/15)            Temple (1/1) D:6            Lair (2/5) D:10
 Shoals (0/4) Lair:2       Spider (0/4) Lair:2          Orc (0/2) D:9
Ossuary (visited)

Altars:
Ashenzari
Cheibriados
Dithmenos
Elyvilon
Fedhas
Gozag
Hepliaklqana
Makhleb
Nemelex Xobeh
Okawaru
Qazlal
Ru
Trog
Uskayaw
Wu Jian
Xom
Yredelemnul
Zin
The Shining One

Annotations:
D:8 3 runed translucent doors, Pimp's ghost, novice AtFi
Lair:2 Gastronok


Innate Abilities, Weirdness & Mutations

You are immune to sickness and miasma.
You are immune to poison.
Your flesh is very heat resistant. (rF++)
You are vulnerable to cold. (rC-)
You float through the air rather than walking.
You learn spells naturally, not from books.
Your magical power is your life essence.
You have superior vitality. (+4 MHP)


Message History

Gastronok's eyestalks quiver as he mumbles some strange words.
You have reached level 13!
The power to cast Irradiate wells up from within.
Spell assigned to 'k'.
Casting: Fulminant Prism (safe; 1% risk of failure)
Confirm with . or Enter, or press ? or * to list all spells.
Aiming: Fulminant Prism (safe; 1% risk of failure)
Press: ? - help, Dir - move target You conjure a prism of explosive energy!
A fulminant prism comes into view.
The bat hits you but does no damage.
Gastronok gurgles, "A snack!
A snack!"
Your fulminant prism crackles loudly.
The bat hits you but does no damage.
Your fulminant prism explodes!
The blast of energy engulfs Gastronok!!!
Gastronok is moderately wounded.
The blast of energy engulfs the quokka!!
You kill the quokka!
The quokka's corpse disappears in a puff of smoke!
The bat hits you but does no damage.
Gastronok waves his eye-stalks in wide circles.
The air twists around and strikes you!!!
* * * LOW HITPOINT WARNING * * *
Casting: Fulminant Prism (safe; 1% risk of failure)
Confirm with . or Enter, or press ? or * to list all spells.
You erupt in a blast of force!
The mystic blast hits the bat!
You kill the bat!
The bat's corpse disappears in a puff of smoke!
* * * LOW HITPOINT WARNING * * *
Casting: Iskenderun's Mystic Blast (safe; 1% risk of failure)
Confirm with . or Enter, or press ? or * to list all spells.
Aiming: Fulminant Prism (safe; 1% risk of failure)
Press: ? - help, Dir - move target You conjure a prism of explosive energy!
* * * LOW HITPOINT WARNING * * *
A fulminant prism comes into view.
Gastronok waves his eye-stalks in wide circles.
The air twists around and strikes you!!
You die...

~~~~~~**,,*,,,,,,,,,*,,,,,,,,,,,,
*~~~~~~*,,#......#.##*..,,,,,,,,,
**~~~~~*,.#.........##..,,,,,,,,,
**~~~**,..............,,,,,,,,,,
******,,#..[..........,,,,,,,,,
**,###........##..,,,,,,,,* *
*,,#...≈≈≈........,,,,,,,,, **
*,,....≈≈≈........,,,,,,,,, ,**
*,,....≈§≈@§......,,,,,,,,, ,,*
*,,............?..,*,,,,,,, ,**
**,,..P......#.....,*,,,,,,, ,*
*,,,.##...*†.#,....,,*,,,,,, ,*
*,,,.##......#,,...,,,,,,,,, ,*
*,,,.....w.<##,,,.#**,*,,,,, ,**
**,**#..............,,**,,,,, ,,*
*,,**##.............,,,,,,,**
,****,,,* ##.......l....,,,,,,,*,


You could see Gastronok (swift, ally target) and a friendly fulminant prism.

Vanquished Creatures
  2 death yaks (Lair:2)
  A two-headed ogre (D:9)
  A merfolk siren (Lair:2)
  4 black mambas
  3 cane toads
  A gargoyle (D:7)
  3 rime drakes (Lair:1)
  7 komodo dragons
  9 blink frogs (Lair:2)
  Sigmund (D:5)
  A shadow (D:10)
  6 wyverns
  A human (D:9)
  6 basilisks
  16 yaks
  4 steam dragons
  2 vampire mosquitoes (D:9)
  Duvessa (D:7)
  A water moccasin (Lair:1)
  2 sky beasts (D:7)
  A black bear (D:8)
  A swamp drake (D:10)
  3 ice beasts
  4 orc warriors
  3 wolves (Lair:1)
  2 centaurs
  7 bullfrogs
  4 kobold brigands
  3 gnoll sergeants
  3 scorpions
  5 water moccasin zombies (Ossuary)
  3 wights (D:7)
  Dowan (D:7)
  9 killer bees
  6 electric eels
  6 hounds
  6 orc priests
  A gnoll bouda (D:7)
  A sleepcap (D:4)
  6 iguanas
  11 orc wizards
  Ijyb (D:4)
  2 mummies (Ossuary)
  21 gnolls
  10 adders
  3 shadow imps
  A white imp (D:6)
  3 ufetubi
  2 adder zombies (Ossuary)
  A worm (D:5)
  2 dart slugs
  42 orcs
  7 endoplasms
  2 giant cockroaches
  7 goblins
  6 hobgoblins
  6 jackals
  27 kobolds
  3 quokkas
  4 ball pythons
  3 bats
  3 frilled lizards
  6 gnoll zombies (Ossuary)
  7 hobgoblin zombies (Ossuary)
  3 kobold zombies (Ossuary)
  2 orc zombies (Ossuary)
  11 rats
  2 fulminant prisms
345 creatures vanquished.

Vanquished Creatures (others)
  168 fulminant prisms
  14 fungi
  24 plants
206 creatures vanquished.

Grand Total: 551 creatures vanquished

Notes
Turn   | Place    | Note
-------+----------+-------------------------------------------
     0 | D:1      | ders the Djinni Conjurer began the quest for the Orb.
     0 | D:1      | ders set off with the following spells memorised: Magic
                  | Dart, Searing Ray, Dazzling Flash, Fulminant Prism,
                  | Iskenderun's Mystic Blast.
     0 | D:1      | Reached XP level 1. HP: 15/15 MP: 0/0
   229 | D:1      | Reached XP level 2. HP: 20/21 MP: 0/0
   502 | D:1      | Reached XP level 3. HP: 22/25 MP: 0/0
   502 | D:1      | Learned a level 1 spell: Beastly Appendage
  1053 | D:2      | Reached skill level 4 in Spellcasting
  1392 | D:2      | Reached XP level 4. HP: 26/31 MP: 0/0
  2269 | D:3      | Found a faded altar of an unknown god.
  2695 | D:3      | Reached XP level 5. HP: 30/35 MP: 0/0
  2695 | D:3      | Learned a level 2 spell: Poisonous Vapours
  3129 | D:4      | Reached skill level 5 in Spellcasting
  3255 | D:4      | Found a shimmering altar of Xom.
  3256 | D:4      | Found a shimmering altar of Xom.
  3256 | D:4      | Found a shimmering altar of Xom.
  3259 | D:4      | Found a shimmering altar of Xom.
  3260 | D:4      | Found a shimmering altar of Xom.
  3290 | D:4      | Found an iron altar of Okawaru.
  3519 | D:4      | Noticed a bullfrog
  3523 | D:4      | Reached XP level 6. HP: 33/40 MP: 0/0
  3636 | D:4      | Noticed Ijyb
  3648 | D:4      | Killed Ijyb
  3891 | D:4      | You are sucked into a shaft and drop 3 floors!
  4044 | D:5      | Entered Level 5 of the Dungeon
  4053 | D:5      | Identified a scroll of acquirement
  4053 | D:5      | Acquired 463 gold pieces
  4125 | D:5      | Acquired the +8 orange crystal plate armour {Archmagi,
                  | Int+3 Clar}
  4125 | D:5      | Found the +8 orange crystal plate armour {Archmagi, Int+3
                  | Clar}
  4169 | D:5      | Noticed Sigmund
  4179 | D:5      | Killed Sigmund
  4180 | D:5      | Reached skill level 6 in Spellcasting
  4180 | D:5      | Reached XP level 7. HP: 26/45 MP: 0/0
  4180 | D:5      | Learned a level 3 spell: Ignite Poison
  4206 | D:5      | Found a sand-covered staircase.
  4310 | Ossuary  | Entered an ossuary
  4394 | Ossuary  | Reached skill level 7 in Spellcasting
  4561 | Ossuary  | Reached XP level 8. HP: 20/50 MP: 0/0
  4918 | Ossuary  | Identified the +3 scale mail of Beyond {+Inv rPois Will-}
  5117 | D:5      | Reached skill level 8 in Spellcasting
  5757 | D:4      | Found a sacrificial altar of Ru.
  5773 | D:4      | Found a sparkling altar of Nemelex Xobeh.
  5785 | D:4      | Found a glowing silver altar of Zin.
  5788 | D:4      | Found a hide-covered altar of Uskayaw.
  6105 | D:6      | Found a staircase to the Ecumenical Temple.
  6136 | Temple   | Entered the Ecumenical Temple
  6497 | D:6      | Found a burning altar of Makhleb.
  6504 | D:6      | Reached XP level 9. HP: 49/55 MP: 0/0
  6504 | D:6      | Learned a level 3 spell: Inner Flame
  6562 | D:6      | Reached skill level 9 in Spellcasting
  7272 | D:7      | Noticed Duvessa
  7361 | D:7      | Noticed Dowan
  7368 | D:7      | Killed Duvessa
  7369 | D:7      | Killed Dowan
  7578 | D:7      | Noticed a gargoyle
  7591 | D:7      | Killed a gargoyle
  7592 | D:7      | Reached skill level 10 in Spellcasting
  7866 | D:7      | Reached XP level 10. HP: 42/60 MP: 0/0
  7942 | D:7      | Found an opulent altar of Gozag.
  7978 | D:7      | Reached skill level 11 in Spellcasting
  9457 | D:8      | Found a runed translucent gate.
  9457 | D:8      | Noticed Pimp's ghost (novice AtFi)
  9458 | D:8      | Found a runed translucent gate.
  9458 | D:8      | Found a runed translucent gate.
  9465 | D:8      | Noticed a two-headed ogre
 10120 | D:8      | Reached skill level 12 in Spellcasting
 10349 | D:8      | Found an ornate altar of the Wu Jian Council.
 11072 | D:9      | Reached XP level 11. HP: 47/65 MP: 0/0
 11072 | D:9      | Learned a level 5 spell: Alistair's Intoxication
 11232 | D:9      | Found a staircase to the Orcish Mines.
 11638 | D:9      | Found a broken altar of Ashenzari.
 11641 | D:9      | Became a worshipper of Ashenzari the Shackled
 11823 | D:9      | Noticed a two-headed ogre
 11829 | D:9      | Killed a two-headed ogre
 11830 | D:9      | Reached skill level 13 in Spellcasting
 11986 | D:10     | Entered Level 10 of the Dungeon
 12106 | D:10     | Identified the +10 mace of Tenacity {pain, Int+5}
 12494 | D:10     | Found a white marble altar of Elyvilon.
 12933 | D:10     | Found a staircase to the Lair.
 13488 | Lair:1   | Entered Level 1 of the Lair of Beasts
 13517 | Lair:1   | Reached skill level 14 in Spellcasting
 14143 | Lair:1   | Reached XP level 12. HP: 63/70 MP: 0/0
 14561 | Lair:1   | You are sucked into a shaft and drop 1 floor!
 14570 | Lair:2   | Noticed a death yak
 14573 | Lair:2   | Noticed a death yak
 14573 | Lair:2   | Noticed a death yak
 14575 | Lair:2   | Noticed a death yak
 14577 | Lair:2   | Noticed a death yak
 14619 | Lair:2   | Reached skill level 15 in Spellcasting
 15372 | Lair:2   | Found a hole to the Spider Nest.
 15796 | Lair:2   | Killed a death yak
 15815 | Lair:2   | Noticed a death yak
 15844 | Lair:2   | Killed a death yak
 16077 | Lair:2   | Noticed Gastronok
 16088 | Lair:2   | Reached XP level 13. HP: 58/75 MP: 0/0
 16088 | Lair:2   | Learned a level 5 spell: Irradiate
 16092 | Lair:2   | Killed from afar by Gastronok

Illustrated notes

Levels and vault maps discovered:
D:1:      lightli_arrival_maybe_door_vault, layout_basic
D:2:      layout_basic, basic_altar
D:3:      minmay_bubble_buster, layout_basic,
          shapermc_ecumenical_altar_mp_vishouse, hangedman_decor_opposing,
          grunt_decor_clamped
D:4:      layout_loops_ring, grunt_temple_overflow_cloverleaf, xom_redecorated,
          amcnicky_altar_gilded, uniq_ijyb
D:5:      layout_loops_ring, enter_ossuary_1, kennysheep_small_circle,
          uniq_sigmund
D:6:      layout_basic, bloody_makhleb, minmay_temple_entry_glass
D:7:      layout_layer_cave, nicolae_gozag_cash_rules_everything_around_me,
          uniq_duvessa
D:8:      layout_loops_corners, nicolae_wu_jian_immortal_techniques,
          gammafunk_ghost_split, disabler_island
D:9:      layout_stronghold, ashenzari_conservatory_becter, erik_orc_4
D:10:     layout_loops_ring, nicolae_overflow_hidden_temple, erik_lair_dragon
Temple:   bh_familiar_temple
Lair:1:   layout_chaotic_city, grunt_forest_small_clearings,
          amcnicky_mini_pool_medium, grunt_megastairs_1
Lair:2:   layout_gridlike, minmay_shoals_entry_lonely_mermaid,
          dummy_spider_entry, serial_bayou_shore_a, serial_bayou_shore_b,
          uniq_gastronok

Skill      XL: |  1  2  3  4  5  6  7  8  9 10 11 12 |
---------------+-------------------------------------+-----
Spellcasting   | 4 5 6 7 8 10 12 14 15 | 15.9
Dodging        | |  2.1
Stealth        | |  1.5

Action                     |  1- 3 |  4- 6 |  7- 9 | 10-12 | 13-15 || total
---------------------------+-------+-------+-------+-------+-------++-------
   Cast: Magic Dart        |    46 |    63 |    58 |   139 |       ||   306
         Searing Ray       |    12 |    37 |    70 |    34 |       ||   153
         Fulminant Prism   |       |     7 |    26 |   136 |     2 ||   171
         Poisonous Vapours |       |     1 |       |       |       ||     1
         Iskenderun's Myst |       |       |    17 |    55 |     1 ||    73
    Use: Scroll            |       |    12 |       |    17 |       ||    29
         Potion            |       |       |       |     5 |       ||     5
 Armour: Robe              |     3 |     4 |     9 |     9 |     3 ||    28
  Dodge: Dodged            |     3 |    14 |    25 |    30 |       ||    72

Table legend: (Time is in decaauts)
 A = Elapsed time spent in this place.
 B = Non-inter-level travel time spent in this place.
 C = Inter-level travel time spent in this place.
 D = Time resting spent in this place.
 E = Time spent auto-exploring this place.
 F = Levels seen in this place.
 G = Mean time per level.
                   A        B        C        D        E       F      G
               +--------+--------+--------+--------+--------+-----+--------+
         Total |  16068 |  15272 |    796 |   4167 |   9299 |  14 | 1147.7 |
       Dungeon |  12677 |  11934 |    743 |   2391 |   8227 |  10 | 1267.7 |
        Temple |    187 |    167 |     20 |      0 |    161 |   1 |  187.0 |
          Lair |   2579 |   2546 |     33 |   1331 |    815 |   2 | 1289.5 |
       Ossuary |    623 |    623 |      0 |    445 |     96 |   1 |  623.0 |
               +--------+--------+--------+--------+--------+-----+--------+

Top non-repeatable levels by time:
  Lair:1: 1891 daAuts
     D:8: 1848 daAuts
     D:7: 1540 daAuts
    D:10: 1501 daAuts
     D:9: 1325 daAuts
     D:3: 1286 daAuts
     D:6: 1240 daAuts
     D:4: 1116 daAuts
     D:5: 986 daAuts
     D:2: 930 daAuts
     D:1: 900 daAuts
  Lair:2: 687 daAuts
 Ossuary: 623 daAuts
  Temple: 187 daAuts
